Map: Traitor's Exile

Players

ILIEKEGGPIE - Winner!

  • Race: Protoss Protoss
  • Spawn Location: 5:00

BizMac - Winner!

  • Race: Zerg Zerg
  • Spawn Location: 6:00

ANeVIL

  • Race: Zerg Zerg
  • League: Platinum
  • Spawn Location: 9:00

Varvara

  • Race: Zerg Zerg
  • League: Silver
  • Spawn Location: 12:00

VOD

Have the link to the VOD?

Description

Time

  • Played on: April 3, 2018, 12:25 p.m.
  • Length: 8:13
Show
View Real Time Build Order
Export as new Build Order

ILIEKEGGPIE Protoss - Winner!

Build Orders:  

Get SALT Encoding   

  12  0:01  Probe  
  13  0:20  Probe, Pylon  
  14  0:38  Probe  
  14  0:39  Pylon  
  16  0:57  Probe  
  16  1:03  Gateway  
  16  1:07  Gateway  
  16  1:15  Pylon  
  16  1:19  Gateway  
  16  1:21  Probe  
  17  1:34  Probe  
  18  1:46  Probe  
  19  1:49  Assimilator  
  19  1:53  Assimilator  
  19  1:55  Zealot  
  19  1:58  Probe  
  22  2:10  Nexus  
  22  2:18  Cybernetics Core  
  22  2:27  Probe  
  25  2:41  Pylon  
  25  2:52  Probe  
  24  3:00  Gateway  
  24  3:02  Gateway  
  24  3:03  Warp Gate (Chrono Boost)  
  24  3:04  Probe  
  25  3:16  Probe (Chrono Boost)  
  26  3:21  Assimilator  
  27  3:29  Probe (Chrono Boost)  
  27  3:30  Probe (Chrono Boost)  
  27  3:33  Adept x2  
  32  3:39  Probe (Chrono Boost)  
  33  3:49  Probe  
  33  3:51  Pylon  
  33  3:52  Probe  
  33  3:54  Adept  
  37  4:01  Probe  
  38  4:03  Adept  
  38  4:04  Probe  
  41  4:14  Probe  
  42  4:24  Adept x3  
  48  4:30  Adept  
  51  5:00  Probe x2  
  51  5:01  Assimilator  
  50  5:12  Probe  
  51  5:25  Adept x4  
  51  5:28  Probe x2  
  59  5:40  Probe x2  
  61  5:43  Gateway  
  61  5:44  Gateway  
  61  5:46  Gateway  
  61  5:48  Gateway  
  61  5:49  Twilight Council  
  61  5:52  Probe  
  62  6:14  Probe  
  57  6:24  Adept x3  
  59  6:31  Resonating Glaives (Chrono Boost)  
  55  7:14  Pylon x2  
  55  7:16  Adept x3  
  61  7:33  Pylon  
  61  7:35  Adept x5, Pylon  
  61  7:36  Adept x3  
  71  7:58  Adept x3  
  71  7:59  Adept x5  
Show
View Real Time Build Order
Export as new Build Order

BizMac Zerg - Winner!

Build Orders: Pool First 

Get SALT Encoding   

  12  0:01  Drone  
  13  0:08  Drone  
  14  0:17  Overlord  
  14  0:37  Drone x3  
  17  0:49  Extractor  
  16  0:50  Spawning Pool  
  16  0:55  Drone  
  16  1:04  Drone  
  17  1:19  Drone  
  17  1:24  Overlord  
  18  1:38  Queen  
  20  1:46  Zergling x4  
  22  1:52  Metabolic Boost  
  22  2:10  Zergling x2  
  22  2:11  Zergling x2  
  22  2:12  Hatchery  
  23  2:19  Drone  
  24  2:25  Drone  
  25  2:40  Drone  
  25  2:43  Extractor  
  25  2:47  Drone x3  
  28  2:56  Overlord  
  27  3:20  Drone x4  
  27  3:23  Drone  
  31  3:29  Lair  
  31  3:32  Roach Warren  
  30  3:35  Baneling Nest, Drone x2  
  31  3:44  Queen  
  34  3:48  Drone x3  
  34  3:51  Overlord  
  36  3:56  Zergling x4  
  38  4:05  Zergling x2  
  38  4:06  Zergling x4  
  41  4:16  Spine Crawler  
  41  4:25  Baneling x3  
  41  4:26  Baneling  
  26  4:58  Zergling x2  
  26  4:59  Zergling x8  
  28  5:16  Zergling x4  
  29  5:39  Hatchery  
  26  5:50  Zergling x6  
  24  6:16  Zergling x4  
  26  6:32  Zergling x2  
  25  6:57  Zergling x2  
  25  6:58  Zergling x6  
  25  7:00  Queen  
  31  7:07  Zergling x2  
  31  7:08  Zergling x4  
  35  7:15  Zergling x2  
  35  7:22  Zergling x6  
  36  7:34  Drone x5  
  39  7:55  Zergling x4  
Show
View Real Time Build Order
Export as new Build Order

ANeVIL Zerg 

Build Orders: Hatch First 

Get SALT Encoding   

  12  0:01  Drone  
  13  0:08  Drone  
  14  0:41  Hatchery  
  13  0:48  Drone  
  14  1:00  Overlord  
  14  1:07  Extractor  
  14  1:10  Spawning Pool  
  12  1:11  Drone  
  12  1:15  Drone  
  14  1:25  Drone  
  15  1:26  Drone  
  16  1:37  Drone  
  17  1:45  Drone  
  18  1:59  Drone  
  18  2:00  Drone  
  20  2:05  Queen x2  
  20  2:07  Drone  
  25  2:11  Drone  
  26  2:27  Baneling Nest, Zergling x4  
  27  2:31  Overlord  
  27  2:34  Drone  
  28  2:51  Zergling x8  
  32  2:58  Overlord  
  32  3:07  Zergling x2  
  31  3:13  Metabolic Boost  
  31  3:21  Zergling x2  
  31  3:22  Zergling x12  
  31  3:26  Drone x2  
  40  3:34  Zergling x2  
  40  3:39  Zergling x2  
  40  3:40  Zergling x2  
  43  3:47  Zergling x2  
  44  3:54  Overlord  
  44  3:55  Overlord  
  44  4:13  Baneling x3  
  44  4:14  Baneling x3  
  44  4:15  Zergling x12  
  50  4:22  Zergling x2  
  50  4:23  Zergling x4  
  45  4:55  Zergling x8  
  45  4:56  Zergling x4  
  43  5:02  Zergling x2  
  43  5:20  Zergling x2  
  43  5:21  Zergling x4  
  38  5:34  Zergling x6  
  40  5:41  Baneling x2  
  40  5:42  Baneling  
  40  5:47  Zergling x2  
  40  5:48  Zergling x12  
  43  5:53  Queen x2  
  40  6:05  Zergling x8  
  42  6:15  Zergling x8  
  42  6:16  Zergling x4  
  44  6:25  Zergling x2  
  43  6:32  Zergling x4  
  40  6:40  Zergling x4  
  36  7:02  Drone  
  36  7:03  Drone x5  
  36  7:07  Hatchery  
  41  7:17  Zergling x6  
  41  7:18  Zergling x8  
  48  7:25  Zergling x4  
  46  7:38  Zergling x4  
  42  7:52  Zergling x2  
  42  7:53  Zergling x10  
Show
View Real Time Build Order
Export as new Build Order

Varvara Zerg 

Build Orders: Pool First 

Get SALT Encoding   

  12  0:09  Drone  
  12  0:10  Drone  
  14  0:21  Overlord  
  14  0:46  Spawning Pool  
  14  0:48  Drone  
  14  0:50  Drone  
  14  0:56  Drone  
  16  1:28  Hatchery, Drone  
  16  1:29  Drone  
  17  1:36  Extractor  
  16  1:49  Zergling x4  
  18  2:04  Drone  
  19  2:23  Queen  
  19  2:29  Zergling x2  
  22  2:34  Overlord  
  22  2:46  Zergling x2  
  23  2:56  Zergling x2  
  24  3:00  Zergling x2  
  24  3:01  Zergling x2  
  26  3:20  Zergling x4  
  28  3:28  Drone  
  28  3:29  Drone  
  28  3:31  Zergling x2  
  31  3:52  Zergling x6  
  34  4:36  Zergling x2  
  34  4:37  Zergling x2  
  36  4:43  Overlord x3  
  28  5:19  Drone  
  28  5:21  Zergling x4  
  30  5:30  Zergling x4  
  30  5:31  Zergling x2  
  33  6:11  Zergling x2  
  33  6:12  Zergling x4  
  31  6:32  Zergling x2  
  23  7:04  Zergling x6  
  24  7:14  Zergling x4  
  24  7:15  Zergling x2  
  5  7:47  Zergling x4  
Tags
 
Add a new tag
Caveats
  • Supply blocks, unpowered buildings, or Contaminate may cause inaccurate times.
  • Supply counts are checked every 10 seconds.